 Dungeon Crawl Stone Soup version 0.25-a0-479-g8579842fd4 (webtiles) character file.

Game seed: 10977879716570301873, levelgen mode: deterministic

534 kae the Cutter (level 7, -3/36 HPs)
             Began as a Kobold Enchanter on Feb 9, 2020.
             Shot with an arrow by a centaur (15 damage)
             ... on level 5 of the Dungeon.
             The game lasted 00:08:55 (6874 turns).

kae the Cutter (Kobold Enchanter)                   Turns: 6874, Time: 00:08:56

Health: -3/36      AC:  5    Str:  5    XL:     7   Next: 49%
Magic:  13/13      EV: 15    Int: 17    God:
Gold:   247        SH:  0    Dex: 17    Spells: 8/14 levels left

rFire    . . .     SeeInvis .   a - +1 dagger
rCold    . . .     Gourm    .   (shield restricted)
rNeg     . . .     Faith    .   o - +1 robe
rPois    .         Spirit   .   i - +2 hat
rElec    .         Reflect  .   (no cloak)
rCorr    .         Harm     .   (no gloves)
MR       .....                  (no boots)
Stlth    +++.......             g - amulet of rage
HPRegen  0.12/turn              (no ring)
MPRegen  0.13/turn              k - ring of wizardry

@: no status effects
A: small, carnivore
a: Evoke Berserk Rage


You were on level 5 of the Dungeon.
You were very full.

You visited 1 branch of the dungeon, and saw 5 of its levels.

You collected 247 gold pieces.

Inventory:

Hand Weapons
 a - a +1 dagger (weapon)
 b - a +2 hand axe of venom
Armour
 i - a +2 hat (worn)
 o - a +1 robe (worn)
Jewellery
 g - an amulet of rage (around neck)
 k - a ring of wizardry (right hand)
Wands
 p - a wand of acid (9)
Scrolls
 c - 6 scrolls of teleportation
 h - a scroll of remove curse
 j - 4 scrolls of identify
 n - a scroll of enchant armour
Potions
 e - a potion of curing
 f - a potion of brilliance
 l - 2 potions of lignification
 m - a potion of ambrosia
Comestibles
 d - 4 rations


   Skills:
 * Level 7.1 Short Blades
 - Level 2.4 Dodging
 - Level 4.0 Stealth
 - Level 4.0 Spellcasting
 + Level 4.8 Hexes


You had 8 spell levels left.
You knew the following spells:

 Your Spells              Type           Power        Failure   Level  Hunger
a - Corona                Hex            ###....      1%          1    None
b - Ensorcelled Hibernat  Hex/Ice        ##....       3%          2    ##.....
c - Confusing Touch       Hex            ###.....     2%          3    ###....

Your spell library contained the following spells:

 Spells                   Type           Power        Failure   Level  Hunger
 Tukima's Dance           Hex            ###.....     2%          3    ###....
 Dazzling Flash           Conj/Hex       ##....       8%          3    ###....


Dungeon Overview and Level Annotations

Branches:
Dungeon (5/15)
 Temple: D:4-7

Altars:
Trog


Innate Abilities, Weirdness & Mutations

You are small and have problems with some larger weapons.
You are carnivorous and can eat meat at any time.


Message History

h - a scroll of remove curse A centaur comes into view.
A centaur is nearby!
A centaur is nearby!
An orc comes into view. It is wielding a +0 club.
The orc shouts!
Found 12 sling bullets.
The centaur shouts!
The centaur wields a +0 shortbow.
The centaur shoots an arrow.
The arrow hits you!
The orc throws a boomerang.
The boomerang hits you but does no damage.
The weapon returns to the orc!
Found a potion of curing.
You see here an arrow.
The orc throws a boomerang.
The boomerang hits you.
The weapon returns to the orc!
The centaur shoots an arrow.
The arrow hits you!
The orc throws a boomerang.
The boomerang misses you.
The weapon returns to the orc!
The centaur shoots an arrow.
The arrow hits you!
You die...

.. ...............
..##
#......oc......
..# #.............
#.## #............
#..# #.(.........
##..###
#..........
......###
#.(.......
..###...##
####....#### .##
###..#####..@.####
.# ##.......####
.# ###.##### .#
#..# .# ## #.## .#
# ##.# .# # #..#
#. # ##.## #. #..#
##.


You could see a centaur and an orc.

Vanquished Creatures
  Blork the orc (D:4)
  A crimson imp (D:5)
  2 hounds
  5 orc wizards
  An iguana (D:5)
  A worker ant (D:5)
  6 adders
  An ooze (D:1)
  An adder zombie (D:4)
  An adder skeleton (D:5)
  2 worms
  5 dart slugs
  4 leopard geckos
  14 orcs
  A bat (D:1)
  4 giant cockroaches
  8 goblins
  8 hobgoblins
  2 jackals (D:2)
  3 quokkas
  4 ball pythons
  A ball python skeleton (D:4)
  5 frilled lizards
  A jackal skeleton (D:4)
  5 kobolds
  A leopard gecko skeleton (D:5)
  7 rats
95 creatures vanquished.

Notes
Turn   | Place    | Note
-------+----------+-------------------------------------------
     0 | D:1      | kae the Kobold Enchanter began the quest for the Orb.
     0 | D:1      | Reached XP level 1. HP: 10/10 MP: 3/3
   134 | D:1      | Reached skill level 2 in Short Blades
   134 | D:1      | Reached XP level 2. HP: 5/15 MP: 3/5
   864 | D:1      | Learned a level 2 spell: Ensorcelled Hibernation
   945 | D:1      | Reached XP level 3. HP: 14/19 MP: 6/6
  1196 | D:1      | Reached skill level 3 in Short Blades
  2157 | D:2      | Reached XP level 4. HP: 11/24 MP: 1/8
  2702 | D:2      | Learned a level 3 spell: Confusing Touch
  3014 | D:3      | Found a bloodstained altar of Trog.
  3059 | D:3      | Reached skill level 4 in Short Blades
  3170 | D:3      | Reached XP level 5. HP: 28/28 MP: 9/9
  3995 | D:3      | Reached skill level 5 in Short Blades
  4556 | D:4      | Reached XP level 6. HP: 32/32 MP: 11/11
  4567 | D:4      | Noticed Blork the orc
  4586 | D:4      | Killed Blork the orc
  5742 | D:4      | Reached skill level 6 in Short Blades
  6129 | D:5      | Entered Level 5 of the Dungeon
  6151 | D:5      | Reached XP level 7. HP: 24/36 MP: 12/12
  6432 | D:5      | Reached skill level 7 in Short Blades
  6874 | D:5      | Shot with an arrow by a centaur

Levels and vault maps discovered:
D:1:      elethiomel_arrival_infinity_welcomes_careful_drivers,
          layout_loops_corners
D:2:      layout_loops_ring, first_ration
D:3:      layout_basic, minivault_14, grunt_decor_one_mirror,
          kennysheep_decorative_pillar, trog_three_pillars_becter
D:4:      layout_layer_cave, saegor_snake_ambush, uniq_blork_the_orc
D:5:      layout_cave_pods, basic_altar

Skill      XL: |  1  2  3  4  5  6  7 |
---------------+----------------------+-----
Short Blades   | 2 3 4 5 6 7 |  7.1
Spellcasting   | 3 4 |  4.0
Hexes          | 4 |  4.8
Dodging        | |  2.4
Stealth        | |  4.0

Action                   |  1- 3 |  4- 6 |  7- 9 || total
-------------------------+-------+-------+-------++-------
Melee: Dagger            |   190 |   183 |     9 ||   382
       Hand axe          |       |    58 |    11 ||    69
 Cast: Corona            |    10 |     7 |       ||    17
       Ensorcelled Hiber |     3 |    26 |     4 ||    33
  Use: Scroll            |     7 |     5 |     3 ||    15
       Potion            |       |     2 |       ||     2
 Stab: Sleeping          |     2 |    21 |     7 ||    30
  Eat: Chunk             |     4 |    22 |     2 ||    28
Armor: Robe              |    30 |    54 |     5 ||    89
Dodge: Dodged            |   111 |   168 |    19 ||   298

Table legend:
 A = Non-vault XP
 B = Vault XP
 C = Vault XP percentage of total XP
 D = Non-vault monster count
 E = Vault monster count
 F = Vault count percentage of total count
                 A         B        C        D         E       F
            +---------+---------+-------+---------+---------+-------
      Total |     648 |     115 |  15.1 |      91 |       4 |   4.2
            +---------+---------+-------+---------+---------+-------
        D:1 |      41 |       0 |   0.0 |      20 |       0 |   0.0
        D:2 |      68 |       0 |   0.0 |      17 |       0 |   0.0
        D:3 |     156 |       0 |   0.0 |      24 |       0 |   0.0
        D:4 |     121 |     115 |  48.7 |      16 |       4 |  20.0
        D:5 |     262 |       0 |   0.0 |      14 |       0 |   0.0
            +---------+---------+-------+---------+---------+-------
